 Dungeon Crawl Stone Soup version 0.18.1-48-g4cf74bf (console) character file.

30 utis the Slasher (level 3, 27/27 HPs)
             Began as a Human Warper on Aug 26, 2016.
             Quit the game on level 2 of the Dungeon on Aug 30, 2016.
             The game lasted 00:05:22 (2099 turns).

utis the Slasher (Human Warper)                     Turns: 2099, Time: 00:05:23

Health: 27/27      AC:  0    Str: 11    XL:     3   Next: 37%
Magic:  6/6        EV: 13    Int: 13    God:
Gold:   55         SH:  0    Dex: 13    Spells: 3 memorised, 1 level left

rFire  . . .     SeeInvis .     a - +0 falchion
rCold  . . .     Gourm    .     (no armour)
rNeg   . . .     Faith    .     (no shield)
rPois  .         Spirit   .     (no helmet)
rElec  .         Dismiss  .     (no cloak)
rCorr  .         Reflect  .     (no gloves)
SustAt .         Harm     .     (no boots)
MR     .....                    (no amulet)
Stlth  +.........               (no ring)
                                (no ring)

@: not resistant to hostile enchantments, very unstealthy
A: no striking features
a: no special abilities


You were on level 2 of the Dungeon.
You were not hungry.

You visited 1 branch of the dungeon, and saw 2 of its levels.

You collected 55 gold pieces.

Inventory:

Hand Weapons
 a - a +0 falchion (weapon)
Missiles
 b - 15 bolts
 m - 17 stones (quivered)
Jewellery
 j - an uncursed ring of stealth {unknown}
Scrolls
 d - 2 scrolls of blinking
 e - a scroll of enchant weapon {unknown}
 h - 2 scrolls of amnesia {unknown}
 l - a scroll of identify {unknown}
Potions
 n - a potion of might {unknown}
Books
 c - a book of Spatial Translocations

   Spells                             Type                      Level
   a - Apportation                    Translocation                1
   b - Blink                          Translocation                2
   c - Shroud of Golubria             Charms/Translocation         2
   d - Portal Projectile              Translocation                3
   e - Teleport Other                 Translocation                3
   f - Passage of Golubria            Translocation                4
Comestibles
 f - a bread ration {@e1}
 g - a meat ration {@e1}
 i - 3 fruits {@e2}


   Skills:
 - Level 2.0 Fighting
 * Level 3.1 Long Blades
 - Level 1.0 Throwing
 - Level 1.0 Armour
 + Level 2.6 Dodging
 - Level 2.0 Spellcasting
 - Level 3.0 Translocations


You had one spell level left.
You knew the following spells:

 Your Spells              Type           Power        Failure   Level  Hunger
a - Apportation           Tloc           #.........   10%         1    ##.....
g - Shroud of Golubria    Chrm/Tloc      #.........   21%         2    ###....
v - Blink                 Tloc           N/A          12%         2    ###....


Dungeon Overview and Level Annotations

Branches:
Dungeon (2/15)

Altars:
Qazlal


Message History

Space distorts slightly along a thin shroud covering your body.
You climb downwards.
There is a stone staircase leading up here.
You open the door. You open the door.
Found a stormy altar of Qazlal.
There is an open door here.
Your shroud begins to fray at the edges.
There is an open door here.
Found a stone staircase leading down.
There is an open door here.
Your shroud unravels.
As you open the door, it creaks loudly!
There is an open door here.
Saving game... please wait.
Lua error: /dgldir/rcfiles/crawl-0.18/utis.rc:580: unexpected symbol near '#' Welcome back, utis the Human Warper.
Press ? for a list of commands and other information.
You aren't carrying any wearable armour.
Are you sure you want to abandon this character and quit the game? (Confirm with "yes".)

░░░░░░
..░░░░░░░░░░░░....░
.............'....░░░░░░
..░░.░p░░░░░░...<'.....
░.░ ░....░░░░░. ░.░
░░'░░░ ░.░ ░.░ ...
░.^§§..≈^.. ░.░
..^.▒§§..§▒≈.
....>.^▒^......▒ ░+░░..§
▒≈....... ░.. .≈^...^^.


There were no monsters in sight!

Vanquished Creatures
  3 dart slugs (D:1)
  A giant gecko (D:1)
  4 bats (D:1)
  A giant cockroach (D:1)
  4 goblins (D:1)
  2 hobgoblins (D:1)
  3 giant newts (D:1)
  3 kobolds (D:1)
  A rat (D:1)
22 creatures vanquished.

Notes
Turn   | Place    | Note
--------------------------------------------------------------
     0 | D:1      | utis the Human Warper began the quest for the Orb.
     0 | D:1      | Reached XP level 1. HP: 16/16 MP: 3/3
     6 | D:1      | Naked time!
   614 | D:1      | Reached XP level 2. HP: 13/22 MP: 5/5
   913 | D:1      | Learned a level 2 spell: Blink
   916 | D:1      | Learned a level 2 spell: Shroud of Golubria
  1182 | D:1      | Reached XP level 3. HP: 27/27 MP: 4/6
  2081 | D:2      | Found a stormy altar of Qazlal.
  2099 | D:2      | Quit the game

Skill      XL: |  1  2  3 |
---------------+----------+-----
Long Blades    | 3 |  3.1
Fighting       | |  2.0
Throwing       | |  1.0
Armour         | |  1.0
Dodging        | |  2.6
Spellcasting   | |  2.0
Translocations | |  3.0

Action                   || total
-------------------------++-------
Melee: Falchion          ||    64
Throw: Tomahawk          ||     5
       Stone             ||    11
 Cast: Shroud of Golubri ||     6
  Eat: Chunk             ||     4
Dodge: Dodged            ||    35
